 Dungeon Sprint DCSS version 0.30.1-11-g7821555f0a (webtiles) character file.

Game seed: 12582926544785669054

245 Groucho the Digger (level 5, -4/25 HPs)
             Began as a Spriggan Earth Elementalist on Jan 4, 2024.
             Was a High Priest of Sif Muna.
             Slain by a red devil
             ... wielding a +0 trident
              (17 damage)
             ... in the Dungeon (Sprint VII: "The Pits") on Jan 5, 2024.
             The game lasted 00:04:33 (2062 turns).

Groucho the Digger (Spriggan Earth Elementalist)    Turns: 2062, Time: 00:04:34

Health: -4/25      AC:  2    Str:  4    XL:     5   Next: 84%
Magic:  12/15      EV: 17    Int: 18    God:    Sif Muna [*****.]
Gold:   0          SH:  0    Dex: 16    Spells: 13/17 levels left

rFire   . . .        l - +2 dagger (venom)
rCold   . . .        (no shield)
rNeg    . . .        a - +0 robe
rPois   .            (helmet restricted)
rElec   .            (no cloak)
rCorr   .            (gloves unavailable)
SInv    +            (boots unavailable)
Will    .....        (no amulet)
Stlth   +++          (no ring)
HPRegen 0.24/turn    (no ring)
MPRegen 0.14/turn

%: no teleportation
@: spiked, very quick
A: very small, no large weapons, unfitting armour, see invisible, speed 3
a: Renounce Religion, Channel Magic, Forget Spell, Divine Exegesis


You were in the Dungeon.
You worshipped Sif Muna.
Sif Muna was extremely pleased with you.
You visited 1 branch

Inventory:

Hand Weapons
 h - a +2 dagger
 l - a +2 dagger of venom (weapon)
Armour
 a - a +0 robe (worn)
Scrolls
 g - a scroll of blinking
 j - 5 scrolls of amnesia
 k - a scroll of summoning
Potions
 b - 4 potions of magic
 c - 6 potions of curing
 d - 3 potions of heal wounds
 e - a potion of haste
 f - 3 potions of berserk rage
 i - 2 potions of invisibility


   Skills:
 + Level 1.0 Fighting
 + Level 1.5 Short Blades
 - Level 2.6 Dodging
 + Level 4.0 Stealth
 + Level 6.7 Spellcasting
 * Level 5.4 Conjurations
 + Level 2.5 Transmutations
 * Level 7.2 Earth Magic
 + Level 1.3 Invocations


You had 13 spell levels left.
You knew the following spells:

 Your Spells              Type           Power      Damage    Failure   Level
a - Sandblast             Erth           64%        2d14      1%          1
b - Stone Arrow           Conj/Erth      56%        3d10      2%          3

Your spell library contained the following spells:

 Spells                   Type           Power      Damage    Failure   Level
 Passwall                 Tmut/Erth      19%        N/A       2%          2
 Petrify                  Tmut/Erth      23%        N/A       16%         4


Dungeon Overview and Level Annotations

Branches:
Dungeon (1/1)

Altars:
Ashenzari
Cheibriados
Dithmenos
Elyvilon
Fedhas
Gozag
Hepliaklqana
Kikubaaqudgha
Makhleb
Nemelex Xobeh
Okawaru
Qazlal
Ru
Sif Muna
Trog
Uskayaw
Vehumet
Wu Jian
Xom
Yredelemnul
Zin
The Shining One
Jiyva
Lugonu


Innate Abilities, Weirdness & Mutations

You are very small and have problems with some larger weapons.
You are too small for most types of armour.
You have supernaturally acute eyesight. (SInv)
You cover ground extremely quickly. (Speed+++)


Message History

You feel much better.
The red devil hits you from afar with a +0 trident!!
Ouch! That really hurt!
* * * LOW HITPOINT WARNING * * *
Barbed spikes become lodged in your body.
You feel much better.
The red devil hits you from afar with a +0 trident!
Ouch! That really hurt!
Barbed spikes become lodged in your body.
Unknown command.
Unknown command.
You feel much better.
The red devil hits you from afar with a +0 trident!
Barbed spikes become lodged in your body.
Unknown command.
Unknown command.
Casting: Stone Arrow (dangerous; 2% risk of failure)
Confirm with . or Enter, or press ? or * to list all spells.
Aiming: Stone Arrow (dangerous; 2% risk of failure)
Press: ? - help, Shift-Dir - straight line, f/p - red devil
Aim: a red devil, wielding a +0 trident (lightly wounded, 60% to hit)
The stone arrow misses the red devil.
The red devil closely misses you.
Unknown command.
Unknown command.
Magic courses through your body.
The red devil hits you from afar with a +0 trident.
Barbed spikes become lodged in your body.
Casting: Stone Arrow (dangerous; 2% risk of failure)
Confirm with . or Enter, or press ? or * to list all spells.
Okay, then.
Casting: Stone Arrow (dangerous; 2% risk of failure)
Confirm with . or Enter, or press ? or * to list all spells.
Aiming: Stone Arrow (dangerous; 2% risk of failure)
Press: ? - help, Shift-Dir - straight line, f/p - red devil
Aim: a red devil, wielding a +0 trident (lightly wounded, 60% to hit)
The stone arrow hits the red devil!!
The red devil is severely wounded.
The red devil hits you from afar with a +0 trident!
Ouch! That really hurt!
You die...

#)#....†...##.......#
#'###########.......#
#.......# #########
#..#.#..# #.##.##.#
#.......#+#
#.##.##.#4+
#..#.#..#'#
#.......@.#
###########


You could see a red devil.

Vanquished Creatures
  A floating eye (D)
  A scorpion (D)
  An iron imp (D)
  An orc wizard (D)
  2 ufetubi (D)
  A worm (D)
  4 orcs (D)
  A ball python (D)
  A bat skeleton (D)
  A bat zombie (D)
  An endoplasm (D)
  A giant cockroach (D)
  A ball python skeleton (D)
  A bat (D)
  A frilled lizard (D)
  A rat (D)
20 creatures vanquished.

Notes
Turn   | Place    | Note
-------+----------+-------------------------------------------
     0 | D        | Groucho the Spriggan Earth Elementalist began the quest for
                  | the Orb.
     0 | D        | Reached XP level 1. HP: 9/9 MP: 5/5
    40 | D        | Found a bloodstained altar of Trog.
    40 | D        | Found a shimmering blue altar of Sif Muna.
    40 | D        | Found a viscous altar of Jiyva.
    40 | D        | Found a hazy altar of Hepliaklqana.
    40 | D        | Found an opulent altar of Gozag.
    41 | D        | Found a glowing golden altar of the Shining One.
    41 | D        | Found a glowing silver altar of Zin.
    41 | D        | Found a basalt altar of Yredelemnul.
    41 | D        | Found a shimmering altar of Xom.
    41 | D        | Found an ornate altar of the Wu Jian Council.
    41 | D        | Found a sacrificial altar of Ru.
    41 | D        | Found a stormy altar of Qazlal.
    41 | D        | Found an iron altar of Okawaru.
    41 | D        | Found a sparkling altar of Nemelex Xobeh.
    41 | D        | Found a burning altar of Makhleb.
    41 | D        | Found a blossoming altar of Fedhas.
    41 | D        | Found a white marble altar of Elyvilon.
    41 | D        | Found a shadowy altar of Dithmenos.
    41 | D        | Found a snail-covered altar of Cheibriados.
    43 | D        | Found a radiant altar of Vehumet.
    43 | D        | Found a corrupted altar of Lugonu.
    44 | D        | Found an ancient bone altar of Kikubaaqudgha.
    44 | D        | Found a hide-covered altar of Uskayaw.
    44 | D        | Found a broken altar of Ashenzari.
    45 | D        | Became a worshipper of Sif Muna the Loreminder
    52 | D        | Noticed a floating eye
    52 | D        | Noticed a scorpion
    55 | D        | Paralysed by a floating eye for 3 turns
    59 | D        | Killed a floating eye
    60 | D        | Reached skill level 5 in Spellcasting
    60 | D        | Reached skill level 5 in Earth Magic
    60 | D        | Reached XP level 2. HP: 13/13 MP: 1/9
    60 | D        | Reached XP level 3. HP: 16/16 MP: 1/10
    60 | D        | Reached XP level 4. HP: 21/21 MP: 1/12
   390 | D        | Learned a level 3 spell: Stone Arrow
   393 | D        | Killed a scorpion
   394 | D        | Reached skill level 6 in Earth Magic
   394 | D        | Reached XP level 5. HP: 24/24 MP: 3/14
   825 | D        | Reached * piety under Sif Muna
   826 | D        | Reached skill level 5 in Conjurations
   995 | D        | Reached ** piety under Sif Muna
  1133 | D        | Reached *** piety under Sif Muna
  1296 | D        | Reached **** piety under Sif Muna
  1299 | D        | Reached skill level 1 in Short Blades
  1299 | D        | Reached skill level 7 in Earth Magic
  1299 | D        | Reached skill level 1 in Invocations
  1540 | D        | Reached skill level 1 in Fighting
  1829 | D        | Reached ***** piety under Sif Muna
  2052 | D        | Noticed a red devil
  2062 | D        | Slain by a red devil

Illustrated notes

Levels and vault maps discovered:
D:        pitsprint [storerooms_1, entrance_room_1, metal_vault_4, armoury_3,
          mini_pit_1, grid_room_1, main_hall_1, silver_pit, the_coven_1,
          the_vestibule_1, steel_vault_4, golden_pit, hallway_of_sentries,
          crystal_vault_2, iron_vault_2, final_vault]

Skill      XL: |  1  2  3  4  5 |
---------------+----------------+-----
Spellcasting   | 5 6 |  6.7
Conjurations   | 4 5 |  5.4
Earth Magic    | 5 6 7 |  7.2
Short Blades   | 1 |  1.5
Transmutations | 2 |  2.5
Invocations    | 1 |  1.3
Fighting       | 1 |  1.0
Stealth        | 4 |  4.0
Dodging        | |  2.6

Action                     |  1- 3 |  4- 6 || total
---------------------------+-------+-------++-------
   Cast: Sandblast         |     6 |     1 ||     7
         Stone Arrow       |       |    32 ||    32
    Use: Potion            |       |     4 ||     4
 Armour: Robe              |       |     1 ||     1
  Dodge: Dodged            |     2 |     7 ||     9
